 Dungeon Crawl Stone Soup version 0.29-a0-234-g0dae59b3db (webtiles) character file.

Game seed: 17324951303650356079

7117 night the Archer (level 10, -10/83 HPs)
             Began as a Demonspawn Hunter on Feb 28, 2022.
             Was a High Priest of Makhleb.
             Killed from afar by a wizard (19 damage)
             ... with a fireball
             ... on level 10 of the Dungeon on Mar 3, 2022.
             The game lasted 00:26:06 (11429 turns).

night the Archer (Demonspawn Hunter)               Turns: 11429, Time: 00:26:07

Health: -10/83     AC:  8    Str: 13    XL:     10   Next: 85%
Magic:  16/16      EV:  9    Int: 14    God:    Makhleb [*****.]
Gold:   365        SH:  6    Dex: 20    Spells: 9/9 levels left

rFire   + . .      SeeInvis .   I - +11 mace of Chance {vorpal, rElec rCorr Dex+4}
rCold   . . .      Faith    .   (no shield)
rNeg    . . .      Spirit   .   D - +5 scale mail of Cowardice {Rampage +Inv rF+}
rPois   .          Reflect  .   (no helmet)
rElec   +          Harm     .   d - +0 cloak
rCorr   +          Rampage  +   (no gloves)
Will    .....                   (boots unavailable)
Stlth   +.........              (no amulet)
HPRegen 0.23/turn               F - ring of resist corrosion
MPRegen 0.30/turn               o - +4 ring of protection

@: about to teleport, corroded, hasted, studying 2 skills, very quick
A: hooves 3, large bone plates 2, icemail 1, magic regeneration, condensation
shield
a: Renounce Religion, Evoke Invisibility, Minor Destruction, Lesser Servant of
Makhleb, Major Destruction, Greater Servant of Makhleb


You were on level 10 of the Dungeon.
You worshipped Makhleb.
Makhleb was extremely pleased with you.
You visited 1 branch of the dungeon, and saw 10 of its levels.
You also visited: Sewer.

You collected 639 gold pieces.
You spent 274 gold pieces at shops.

Inventory:

Hand Weapons
 a - a +4 shortbow of flaming
 b - a +2 dagger of venom
 h - a +1 dagger of distortion
 i - a +0 falchion
 y - a +2 shortbow
 I - the +11 mace of Chance (weapon) {vorpal, rElec rCorr Dex+4}
   (You found it on level 8 of the Dungeon)

   It inflicts extra damage upon your enemies.
   Dex:       It affects your dexterity (+4).
   rElec:     It insulates you from electricity.
   rCorr:     It protects you from acid and corrosion.
 J - a +0 scimitar
Missiles
 c - 3 stones
 q - 9 poisoned darts
Armour
 d - a +0 cloak (worn)
 D - the +5 scale mail of Cowardice (worn) {Rampage +Inv rF+}
   (You acquired it on level 7 of the Dungeon)

   rF:        It protects you from fire.
   +Inv:      It lets you turn invisible.
   Rampage:   It bestows one free step when moving towards enemies.
Jewellery
 f - a ring of magical power
 l - a ring of flight
 o - a +4 ring of protection (right hand)
 C - a ring of protection from fire
 E - a ring of ice
 F - a ring of resist corrosion (left hand)
Wands
 k - a wand of paralysis (5)
 p - a wand of digging (7)
 s - a wand of polymorph (6)
 t - a wand of flame (27)
 w - a wand of iceblast (8)
Scrolls
 m - 10 scrolls of identify
 n - 2 scrolls of fog
 v - 6 scrolls of teleportation
 H - a scroll of enchant armour
 K - a scroll of fear
 L - 2 scrolls of vulnerability
 O - 3 scrolls of brand weapon {unknown}
Potions
 e - 7 potions of might
 g - 4 potions of curing
 j - 2 potions of heal wounds {unknown}
 r - 2 potions of attraction
 u - a potion of mutation {unknown}
 x - a potion of magic {unknown}
 z - a potion of cancellation {unknown}
 A - a potion of invisibility {unknown}
 B - 2 potions of degeneration {unknown}
 G - a potion of experience {unknown}
 N - a potion of brilliance {unknown}


   Skills:
 + Level 9.1 Fighting
 + Level 8.1 Long Blades
 + Level 9.2 Bows
 - Level 1.7 Dodging
 - Level 0.8 Stealth
 - Level 1.0 Shields
 + Level 8.0 Invocations


You had 9 spell levels left.
You didn't know any spells.
Your spell library contained the following spells:

 Spells                   Type           Power      Damage    Failure   Level
 Summon Small Mammal      Summ           0%         N/A       82%         1
 Call Canine Familiar     Summ           0%         N/A       99%         3
 Summon Guardian Golem    Hex/Summ       0%         N/A       99%         3
 Tukima's Dance           Hex            0%         N/A       99%         3
 Passage of Golubria      Tloc           0%         N/A       100%        4
 Yara's Violent Unravell  Hex/Tmut       0%         3d3       100%        5


Dungeon Overview and Level Annotations

Branches:
Dungeon (10/15)            Temple (0/1) D:5            Lair (0/6) D:8
    Orc (0/2) D:10          Sewer (visited)

Altars:
Ashenzari
Dithmenos
Fedhas
Makhleb
Nemelex Xobeh
Xom

Shops:
D:6 !!(*(


Innate Abilities, Weirdness & Mutations

You have hooves in place of feet.
You are mostly covered in large bone plates. (SH +6)
A meltable icy envelope protects you from harm. (AC +0)
You regenerate magic rapidly.
A meltable shield of frost defends you. (SH +0)


Message History

Something hits you but does no damage.
The goliath frog hits you but does no damage.
You hit something. Something hits you but does no damage.
The goliath frog hits you from afar!! The acid corrodes you!
You are splashed with acid.
You resist. Something hits you but does no damage.
You hit something. Your kick misses something.
The goliath frog hits you from afar.
You are splashed with acid.
You resist. Something hits you but does no damage.
You block the goliath frog's attack.
You hit something. Your kick misses something.
The goliath frog closely misses you. Something hits you.
The goliath frog hits you from afar! The acid corrodes you!
You are splashed with acid.
You resist. Something completely misses you.
You hit something but do no damage. Your kick misses something.
The goliath frog closely misses you. Something hits you but does no damage.
You hit something but do no damage. Your kick misses something.
You block the goliath frog's attack. Something hits you but does no damage.
You block the goliath frog's attack.
You barely miss something. Your kick misses something.
You block the goliath frog's attack. Something hits you.
Something hits you but does no damage. The goliath frog hits you from afar.
* * * LOW HITPOINT WARNING * * *
You are splashed with acid.
You resist.
* * * LOW HITPOINT WARNING * * *
You hear some strange, mumbled words.
A fireball appears from out of thin air!
The fireball explodes!
The fireball engulfs you!
Your icy defenses dissipate!
You resist.
* * * LOW HITPOINT WARNING * * *
You feel better.
You feel yourself speed up. Something hits you.
* * * LOW HITPOINT WARNING * * *
The goliath frog hits you but does no damage.
Okay, then.
As you read the scroll of teleportation, it crumbles to dust.
You feel strangely unstable.
You hear some strange, mumbled words.
A fireball appears from out of thin air!
The fireball explodes!
The fireball engulfs you!! You resist.
You die...

##+## #...#
#...# #...#
###+## #...#
####....# #...#
#..#.F..####...#
#..'.{.@.......#
#..######......#
#.......##'#...#
#.......#..#...#
#.......#..#...#
#.......########
#.......#
#.......#
#.......#


You could see a goliath frog.

Vanquished Creatures
  Psyche (D:7)
  5 yaktaurs
  A kobold demonologist (D:9)
  2 trolls (D:9)
  A hornet (D:9)
  4 yaks (D:8)
  A steam dragon (D:8)
  4 vampire mosquitoes
  Menkaure (D:4)
  An acid dragon (D:9)
  2 water moccasins
  5 orc warriors
  2 sky beasts
  An ice beast (D:6)
  A black bear (D:6)
  5 centaurs
  A bullfrog (D:8)
  A necrophage (D:5)
  A gnoll sergeant (D:9)
  2 scorpions
  A howler monkey (D:5)
  9 orc priests
  3 hounds
  3 jellies
  A gnoll shaman (D:8)
  18 orc wizards
  Natasha (thrice) (D:4)
  An iguana (D:5)
  A merfolk siren (Sewer)
  A merfolk avatar (Sewer)
  7 gnolls
  2 river rats (Sewer)
  15 adders
  2 shadow imps
  A white imp (D:5)
  3 worms
  3 dart slugs
  43 orcs
  8 endoplasms
  8 giant cockroaches
  7 goblins
  5 hobgoblins
  5 jackals (D:3)
  4 kobolds
  8 quokkas
  10 ball pythons
  3 bats
  10 frilled lizards
  22 rats
249 creatures vanquished.

Vanquished Creatures (others)
  6 plants (D:5)
6 creatures vanquished.

Grand Total: 255 creatures vanquished

Notes
Turn   | Place    | Note
-------+----------+-------------------------------------------
     0 | D:1      | night the Demonspawn Hunter began the quest for the Orb.
     0 | D:1      | Reached XP level 1. HP: 16/16 MP: 1/1
    41 | D:1      | Found a faded altar of an unknown god.
    53 | D:1      | Prayed at the altar of an unknown god.
    53 | D:1      | Became a worshipper of Makhleb the Destroyer
    53 | D:1      | Reached * piety under Makhleb
    91 | D:1      | Gained mutation: A meltable shield of frost defends you.
                  | (SH +0) [demonic ancestry]
    91 | D:1      | Reached XP level 2. HP: 19/22 MP: 2/2
   982 | D:2      | Reached ** piety under Makhleb
   983 | D:2      | Gained mutation: You have large cloven feet. [demonic
                  | ancestry]
   983 | D:2      | Reached XP level 3. HP: 27/27 MP: 3/3
  1420 | D:2      | Reached skill level 1 in Long Blades
  1482 | D:2      | Gained mutation: You have hoof-like feet. [demonic
                  | ancestry]
  1482 | D:2      | Reached XP level 4. HP: 16/34 MP: 4/4
  2087 | D:3      | Reached XP level 5. HP: 32/41 MP: 5/5
  2101 | D:3      | Reached skill level 2 in Long Blades
  2437 | D:3      | Reached *** piety under Makhleb
  2446 | D:3      | Reached skill level 5 in Bows
  2721 | D:4      | Noticed Menkaure
  2721 | D:4      | Noticed Natasha
  2724 | D:4      | Killed Natasha
  2731 | D:3      | HP: 6/41 [orc wizard/puff of flame (10)]
  2740 | D:3      | Gained mutation: You regenerate magic rapidly. [demonic
                  | ancestry]
  2740 | D:3      | Reached XP level 6. HP: 14/48 MP: 6/6
  3178 | D:4      | Noticed Natasha
  3192 | D:4      | Killed Natasha
  3401 | D:4      | Noticed Natasha
  3405 | D:4      | Killed Natasha
  3494 | D:4      | Killed Menkaure
  3735 | D:4      | Found a sparkling altar of Nemelex Xobeh.
  3779 | D:4      | Gained mutation: You have hooves in place of feet. [demonic
                  | ancestry]
  3779 | D:4      | Reached XP level 7. HP: 55/55 MP: 7/7
  4166 | D:5      | Entered Level 5 of the Dungeon
  4630 | D:5      | Found a staircase to the Ecumenical Temple.
  4645 | D:5      | Reached skill level 5 in Fighting
  4761 | D:5      | Found a shimmering altar of Xom.
  4823 | D:5      | Found a broken altar of Ashenzari.
  5350 | D:6      | Found Baidd's Distillery.
  5368 | D:6      | Gained mutation: You are partially covered in large bone
                  | plates. (SH +4) [demonic ancestry]
  5368 | D:6      | Reached XP level 8. HP: 60/63 MP: 8/8
  5488 | D:6      | Reached skill level 1 in Shields
  5531 | D:6      | Found Elon's Weapon Boutique.
  5536 | D:6      | Reached **** piety under Makhleb
  5541 | D:6      | Bought a +4 shortbow of flaming for 274 gold pieces
  5582 | D:6      | Found a blossoming altar of Fedhas.
  5658 | D:6      | Reached skill level 5 in Long Blades
  5846 | D:6      | Found Lixaor's Assorted Antiques.
  5878 | D:6      | Found Ral Vec's Weapon Shop.
  5919 | D:6      | Found Geax's Distillery.
  5973 | D:6      | Found a glowing drain.
  5990 | Sewer    | Entered a sewer
  6723 | D:7      | Reached skill level 1 in Invocations
  6774 | D:7      | Reached ***** piety under Makhleb
  6775 | D:7      | Gained mutation: A meltable icy envelope protects you from
                  | harm. (AC +0) [demonic ancestry]
  6775 | D:7      | Reached XP level 9. HP: 66/71 MP: 8/10
  6863 | D:7      | Reached skill level 2 in Invocations
  7141 | D:7      | Identified a scroll of acquirement
  7141 | D:7      | Upgraded the game from 0.29-a0-231-g945431f764 to
                  | 0.29-a0-234-g0dae59b3db
  7429 | D:7      | Acquired the +5 scale mail of Cowardice {Rampage +Inv rF+}
  8018 | D:8      | Found a staircase to the Lair.
  8380 | D:8      | Reached skill level 5 in Invocations
  8637 | D:8      | Identified the +11 mace of Chance {vorpal, rElec rCorr
                  | Dex+4}
  8713 | D:9      | Noticed Psyche
  8748 | D:7      | Killed Psyche
  9206 | D:9      | Gained mutation: You are mostly covered in large bone
                  | plates. (SH +6) [demonic ancestry]
  9206 | D:9      | Reached XP level 10. HP: 80/80 MP: 14/14
 10098 | D:9      | Noticed a soul eater
 10131 | D:9      | Found a shadowy altar of Dithmenos.
 10249 | D:10     | Entered Level 10 of the Dungeon
 10249 | D:10     | Found a staircase to the Orcish Mines.
 11058 | D:10     | Noticed a cyclops
 11401 | D:10     | Noticed a wizard
 11412 | D:10     | Noticed a goliath frog
 11424 | D:10     | HP: 3/83 [something/fireball (13)]
 11429 | D:10     | Killed from afar by a wizard

Illustrated notes

Levels and vault maps discovered:
D:1:      tarquinn_simple_flora_water_f, layout_basic, basic_ecumenical_altar,
          minmay_small_reverse_x
D:2:      layout_rooms
D:3:      layout_rooms, kennysheep_generic_room_16
D:4:      layout_basic, nemelex_altar_shiori, serial_curves, eino_curves_04,
          eino_curves_02, lightli_ossuary_entry_decrepit_ruins, uniq_menkaure,
          uniq_natasha
D:5:      layout_basic, mainiacjoe_overflow_brackets, xom_teletrap_fun,
          minmay_temple_entry_gardened_gates
D:6:      layout_loops_ring, fedhas_altar_3, serial_shops,
          nicolae_stop_n_shop_1, shop_statue, nicolae_shop_hallway_stairs,
          nicolae_shop_hallway_stairs, shop, portal_sewer_entry_f
D:7:      layout_basic
D:8:      layout_basic, lair_entry_dummy, minmay_manual_maat
D:9:      layout_cave_pods, grunt_dithmenos_smoke, uniq_psyche
D:10:     minmay_curly_fans, layout_grid_maze, bloody_makhleb, orc_0_dummy

Skill      XL: |  1  2  3  4  5  6  7  8  9 10 |
---------------+-------------------------------+-----
Bows           | 4 5 6 7 8 9 |  9.2
Long Blades    | 1 2 3 4 5 7 8 |  8.1
Fighting       | 3 4 5 6 8 9 |  9.1
Shields        | 1 |  1.0
Invocations    | 1 5 8 |  8.0
Dodging        | |  1.7
Stealth        | |  0.8

Action                   |  1- 3 |  4- 6 |  7- 9 | 10-12 || total
-------------------------+-------+-------+-------+-------++-------
Melee: Dagger            |     2 |    10 |    71 |    49 ||   132
       Falchion          |     2 |       |       |       ||     2
       Kick              |       |     1 |    28 |    22 ||    51
       Mace              |       |       |       |    11 ||    11
       Scimitar          |       |       |       |     9 ||     9
       Punch             |       |       |       |     1 ||     1
 Fire: Shortbow          |   114 |   147 |   378 |   122 ||   761
Invok: Lesser Servant of |       |       |       |     1 ||     1
Evoke: Wand              |     2 |       |     1 |     3 ||     6
  Use: Scroll            |     3 |     1 |     5 |     3 ||    12
       Potion            |       |     1 |     1 |     2 ||     4
Armor: Leather armour    |    18 |       |       |       ||    18
       Ring mail         |    11 |    30 |    54 |       ||    95
       Scale mail        |       |       |    54 |   100 ||   154
Dodge: Dodged            |    46 |    29 |    81 |    68 ||   224
Block: Other             |    10 |    13 |    58 |    94 ||   175

Table legend: (Time is in decaauts)
 A = Elapsed time spent in this place.
 B = Non-inter-level travel time spent in this place.
 C = Inter-level travel time spent in this place.
 D = Time resting spent in this place.
 E = Time spent auto-exploring this place.
 F = Levels seen in this place.
 G = Mean time per level.
                   A        B        C        D        E       F      G
               +--------+--------+--------+--------+--------+-----+--------+
         Total |  11647 |  11381 |    266 |   2248 |   7081 |  11 | 1058.8 |
       Dungeon |  11190 |  10924 |    266 |   2248 |   6777 |  10 | 1119.0 |
         Sewer |    457 |    457 |      0 |      0 |    304 |   1 |  457.0 |
               +--------+--------+--------+--------+--------+-----+--------+

Top non-repeatable levels by time:
     D:9: 1891 daAuts
     D:8: 1471 daAuts
     D:3: 1365 daAuts
     D:2: 1282 daAuts
     D:4: 1255 daAuts
     D:6: 887 daAuts
     D:7: 810 daAuts
     D:5: 799 daAuts
     D:1: 770 daAuts
    D:10: 655 daAuts
   Sewer: 457 daAuts
